 Dungeon Crawl Stone Soup version 0.20.1-1-g8b1a95d (console) character file.

29 vuolankoinen the Sneak (level 3, 0/22 HPs)
             Began as an Octopode Enchanter on Nov 27, 2017.
             Slain by a kobold
             ... wielding a +0 dagger
              (6 damage)
             ... on level 1 of the Dungeon.
             The game lasted 00:01:43 (285 turns).

vuolankoinen the Sneak (Octopode Enchanter)          Turns: 285, Time: 00:01:44

Health: 0/22       AC:  1    Str:  7    XL:     3   Next: 16%
Magic:  5/6        EV: 13    Int: 17    God:
Gold:   52         SH:  0    Dex: 13    Spells: 5/6 levels left

rFire    . . .     SeeInvis .   a - +1 dagger
rCold    . . .     Gourm    .   (no shield)
rNeg     . . .     Faith    .   (helmet restricted)
rPois    .         Spirit   .   (no amulet)
rElec    .         Reflect  .   (no ring)
rCorr    .         Harm     .   (no ring)
MR       .....                  (no ring)
Stlth    ++++......             (no ring)
Regen    0.1/turn               (no ring)
MPRegen  0.1/turn               (no ring)
                                (no ring)
                                (no ring)

@: no status effects
A: almost no armour, stealthy swim, amphibious, 8 rings, constrict 8, camouflage
1, gelatinous body 1
a: no special abilities


You were on level 1 of the Dungeon.
You were not hungry.

You visited 1 branch of the dungeon, and saw 1 of its levels.

You collected 52 gold pieces.

Inventory:

Hand Weapons
 a - a +1 dagger (weapon)
Scrolls
 d - 3 scrolls of identify {unknown}
 e - a scroll of noise {unknown}
Potions
 f - a potion of heal wounds {unknown}
Books
 b - a book of Maledictions

   Spells                             Type                      Level
   a - Corona                         Hexes                        1
   b - Ensorcelled Hibernation        Hexes/Ice                    2
   c - Confuse                        Hexes                        3
   d - Tukima's Dance                 Hexes                        3
   e - Dazzling Spray                 Conjuration/Hexes            3
Comestibles
 c - a bread ration


   Skills:
 * Level 0.6 Fighting
 + Level 1.5 Short Blades
 + Level 2.1 Dodging
 + Level 5.1 Stealth
 - Level 2.0 Spellcasting
 - Level 3.0 Hexes


You had 5 spell levels left.
You knew the following spells:

 Your Spells              Type           Power        Failure   Level  Hunger
a - Corona                Hex            ##.....      5%          1    #......


Dungeon Overview and Level Annotations

Branches:
Dungeon (1/15)

Altars:


Innate Abilities, Weirdness & Mutations

You cannot wear most types of armour.
You are very stealthy in the water. (Stealth+)
You are amphibious.
You can wear up to eight rings at the same time.
You can use your tentacles to constrict eight enemies at once.
Your skin changes colour to match your surroundings (Stealth+).
Your rubbery body absorbs attacks. (AC +1, EV +1)


Message History

Casting: Corona
Confirm with . or Enter, or press ? or * to list all spells.
Aiming: Corona
Press: ? - help, Shift-Dir - straight line, f - jackal
Aim: a jackal (heavily wounded, chance to defeat MR: 64%)
The jackal is outlined in light.
The jackal misses you.
You hit the jackal. You grab the jackal.
The jackal is almost dead.
You constrict the jackal.
You kill the jackal!
You hit the kobold but do no damage. Your grab misses the kobold.
The kobold hits you but does no damage.
You see here a spear.
Casting: Corona
Confirm with . or Enter, or press ? or * to list all spells.
Aiming: Corona
Press: ? - help, Shift-Dir - straight line, f - kobold
Aim: a kobold, wielding a dagger (chance to defeat MR: 64%)
The kobold is outlined in light.
The kobold hits you but does no damage.
You hit the kobold but do no damage. Your grab misses the kobold.
The kobold hits you with a dagger.
You die...

.... ........ #.. ######## ..
#..#### #.... ..
##.....####.### .#
.......##.....# ..
#.....##.###.. .### #.#.....#
#†. ..# #.#..##.# #.. #†#
#.#..##......
#?#.#.###########.#..#######.
#.......##.@K........# #.
##.####.##.#####.#...# #. ##
#.##)# #.#...# ..
#....#####.#...#
#.....)........#
#....#######...# ..........
#...#
######..##........†......
#... ....#.........#
.............#######
#####.......###


You could see a kobold.

Vanquished Creatures
  2 oozes (D:1)
  3 bats (D:1)
  A giant cockroach (D:1)
  A goblin (D:1)
  4 hobgoblins (D:1)
  4 jackals (D:1)
  2 frilled lizards (D:1)
  A kobold (D:1)
  2 rats (D:1)
20 creatures vanquished.

Notes
Turn   | Place    | Note
-------+----------+-------------------------------------------
     0 | D:1      | vuolankoinen the Octopode Enchanter began the quest for the Orb.
     0 | D:1      | Reached XP level 1. HP: 11/11 MP: 3/3
   153 | D:1      | Reached XP level 2. HP: 18/18 MP: 5/5
   237 | D:1      | Reached XP level 3. HP: 19/22 MP: 4/6
   249 | D:1      | Reached skill level 5 in Stealth
   285 | D:1      | Slain by a kobold

Skill      XL: |  1  2  3 |
---------------+----------+-----
Stealth        | 5 |  5.1
Fighting       | |  0.6
Short Blades   | |  1.5
Dodging        | |  2.1
Spellcasting   | |  2.0
Hexes          | |  3.0

Action                   || total
-------------------------++-------
Melee: Dagger            ||    41
       Constrict         ||     8
       Tentacles         ||     4
 Cast: Corona            ||     6
 Stab: Sleeping          ||     9
       Distracted        ||     1
Armor: Skin              ||     1
Dodge: Dodged            ||    18
